 Seeded DCSS version 0.28.0-62-gf88900778d (webtiles) character file.

Game seed: 13591998346360536447 (custom seed)

63 Psyclone the Conjurer (level 3, -4/20 HPs)
             Began as a Deep Elf Conjurer on Oct 20, 2023.
             Slain by an ice beast (12 damage)
             ... on level 5 of the Dungeon.
             The game lasted 00:00:16 (549 turns).

Psyclone the Conjurer (Deep Elf Conjurer)            Turns: 549, Time: 00:00:17

Health: -4/20      AC:  7    Str:  8    XL:     3   Next: 87%
Magic:  1/9        EV: 12    Int: 32    God:
Gold:   3891       SH:  0    Dex: 13    Spells: 5/8 levels left

rFire   x . .      SeeInvis .   b - +0 dagger
rCold   . . .      Faith    .   (no shield)
rNeg    . . .      Spirit   .   a - +0 robe
rPois   +          Reflect  .   (no helmet)
rElec   .          Harm     .   e - +2 cloak of the Hidden Vale {rPois rF- Str+2 Int+8}
rCorr   .          Rampage  .   (no gloves)
Will    .....                   (no boots)
Stlth   ++........              (no amulet)
HPRegen 0.06/turn               (no ring)
MPRegen 0.11/turn               (no ring)

@: no status effects
A: iridescent scales 1, robust 1, strong 1, evolution 1
a: no special abilities


You were on level 5 of the Dungeon.
You visited 1 branch of the dungeon, and saw 5 of its levels.

You collected 3891 gold pieces.

Inventory:

Hand Weapons
 b - a +0 dagger (weapon)
Armour
 a - a +0 robe (worn)
 e - the +2 cloak of the Hidden Vale (worn) {rPois rF- Str+2 Int+8}
   (You acquired it on level 4 of the Dungeon)

   Str:       It affects your strength (+2).
   Int:       It affects your intelligence (+8).
   rF:        It makes you vulnerable to fire.
   rPois:     It protects you from poison.
Scrolls
 d - 3 scrolls of identify {@r1}


   Skills:
 - Level 2.4 Dodging
 - Level 2.4 Stealth
 - Level 3.0 Spellcasting
 + Level 6.1 Conjurations


You had 5 spell levels left.
You knew the following spells:

 Your Spells              Type           Power      Damage    Failure   Level
a - Magic Dart            Conj           100%       1d8       1%          1
b - Searing Ray           Conj           88%        2d7       1%          2

Your spell library contained the following spells:

 Spells                   Type           Power      Damage    Failure   Level
 Static Discharge         Conj/Air       24%        N/A       2%          2
 Dazzling Flash           Conj/Hex       48%        N/A       5%          3
 Fulminant Prism          Conj/Hex       12%        3d9       19%         4
 Iskenderun's Mystic Bla  Conj/Tloc      24%        2d7       19%         4
 Sticky Flame             Conj/Fire      24%        2d5       19%         4
 Dispel Undead            Necr           4%         3d7       52%         4


Dungeon Overview and Level Annotations

Branches:
Dungeon (5/15)
 Temple: D:4-7

Altars:
The Shining One


Innate Abilities, Weirdness & Mutations

You are partially covered in iridescent scales. (AC +2)
You are robust. (+10% HP)
Your muscles are strong. (Str +2)
You have hidden genetic potential.


Message History

The bullfrog skeleton closely misses you.
You take 1 damage, and have 18/20 hp.
You regained 2 mp, and now have 6/9 mp.
Casting: Magic Dart (safe; 1% risk of failure)
Confirm with . or Enter, or press ? or * to list all spells.
Aiming: Searing Ray (safe; 1% risk of failure)
Press: ? - help, Shift-Dir - straight line, f - quokka, p - bullfrog skeleton
Aim: a quokka (75% to hit)
The searing ray hits the quokka.
You kill the quokka!
The searing ray hits the ice beast!
The ice beast is moderately wounded. (Press . to maintain the ray.)
The bullfrog skeleton hits you.
You take 5 damage, and have 13/20 hp.
MASSIVE DAMAGE!!
You now have 4/9 mp.
The searing ray misses the ice beast.
The bullfrog skeleton misses you.
You now have 3/9 mp.
The searing ray hits the ice beast.
The ice beast is heavily wounded.
The bullfrog skeleton hits you but does no damage.
The bullfrog skeleton hits you.
You take 1 damage, and have 12/20 hp.
You now have 2/9 mp.
The searing ray hits the ice beast.
The ice beast is severely wounded.
You finish channelling your searing ray.
The ice beast barely misses you. The bullfrog skeleton hits you.
You take 3 damage, and have 9/20 hp.
You now have 1/9 mp.
You hit the ice beast but do no damage.
The ice beast is severely wounded.
The bullfrog skeleton hits you but does no damage.
The ice beast barely misses you.
You're too inexperienced to learn that spell!
Unknown command.
Unknown command.
Unknown command.
You completely miss the ice beast.
The ice beast is severely wounded.
The bullfrog skeleton barely misses you.
The ice beast hits you. The ice beast freezes you!
Ouch! That really hurt!
You die...

#.# .....## #.#
....... #.#
....... #.#
....... #+# #.#
/...... # #.# #.#
.....#
+.###.###.##Y....#
#.........Z@.....#
#....##########+##
#.......!..####
#....###......#
.......# #......#
#...#### #...<..#
#... #./.>.$# ###
#......# ###+####


You could see an ice beast and a bullfrog skeleton.

Vanquished Creatures
  A bullfrog skeleton (D:4)
  A hound skeleton (D:4)
  A worm (D:2)
  A dart slug (D:4)
  2 endoplasms
  A hobgoblin (D:4)
  3 jackals (D:1)
  A kobold (D:1)
  A quokka (D:5)
  2 ball pythons
  3 rats
17 creatures vanquished.

Notes
Turn   | Place    | Note
-------+----------+-------------------------------------------
     0 | D:1      | Psyclone the Deep Elf Conjurer began the quest for the Orb.
     0 | D:1      | Reached XP level 1. HP: 10/10 MP: 6/6
   178 | D:2      | Reached XP level 2. HP: 15/15 MP: 6/8
   181 | D:2      | Learned a level 2 spell: Searing Ray
   211 | D:2      | Reached skill level 5 in Conjurations
   273 | D:2      | Identified 3 scrolls of acquirement
   286 | D:3      | Found a glowing golden altar of the Shining One.
   337 | D:4      | Acquired the +2 cloak of the Hidden Vale {rPois rF- Str+2
                  | Int+8}
   340 | D:4      | Acquired 1255 gold pieces
   346 | D:4      | Acquired 1352 gold pieces
   357 | D:4      | Acquired 1218 gold pieces
   389 | D:4      | Reached XP level 3. HP: 19/19 MP: 2/9
   420 | D:4      | Gained mutation: You are robust. (+10% HP) [potion of
                  | mutation]
   420 | D:4      | Gained mutation: You have hidden genetic potential. [potion
                  | of mutation]
   420 | D:4      | Gained mutation: Your muscles are strong. (Str +2) [potion
                  | of mutation]
   420 | D:4      | Gained mutation: You are partially covered in iridescent
                  | scales. (AC +2) [potion of mutation]
   426 | D:4      | Reached skill level 6 in Conjurations
   518 | D:5      | Entered Level 5 of the Dungeon
   542 | D:5      | Noticed an ice beast
   549 | D:5      | Slain by an ice beast

Illustrated notes

Levels and vault maps discovered:
D:1:      wander_arrival_fairy_ring, layout_basic, chequers_serial_rivers_room_a
D:2:      layout_loops_ring, shapermc_ecumenical_altar_venn, uniq_natasha
D:3:      layout_loops_ring, mainiacjoe_overflow_chevrons,
          gammafunk_ghost_arena, hangedman_glass_teeth
D:4:      layout_basic, nicolae_hepliaklqana_monster_ancestors,
          due_unseen_surprise
D:5:      layout_basic, lemuel_doored_altar, overflow_temple_1_default,
          amethyst_overflow_temple_binary, minmay_manual_mess, uniq_ijyb,
          uniq_edmund, uniq_sigmund, uniq_menkaure

Skill      XL: |  1  2  3 |
---------------+----------+-----
Conjurations   | 5 6 |  6.1
Dodging        | |  2.4
Stealth        | |  2.4
Spellcasting   | |  3.0

Action                   || total
-------------------------++-------
Melee: Dagger            ||     2
 Cast: Magic Dart        ||    16
       Searing Ray       ||     6
  Use: Scroll            ||     5
       Potion            ||     1
Armor: Robe              ||    11
Dodge: Dodged            ||    16
